 Dungeon Crawl Stone Soup version 0.28-a0-1286-g6bde065e89 (webtiles) character file.

Game seed: 6549316941378748239

68 Zonian the Gusty (level 4, -1/24 HPs)
             Began as a Tengu Air Elementalist on Dec 26, 2021.
             Slain by Sigmund (8 damage)
             ... on level 3 of the Dungeon.
             The game lasted 00:04:13 (3668 turns).

Zonian the Gusty (Tengu Air Elementalist)           Turns: 3668, Time: 00:04:13

Health: -1/24      AC:  2    Str:  9    XL:     4   Next: 19%
Magic:  8/8        EV: 13    Int: 17    God:
Gold:   149        SH:  0    Dex: 14    Spells: 4/7 levels left

rFire   . . .      SeeInvis .   (no weapon)
rCold   . . .      Faith    .   (no shield)
rNeg    . . .      Spirit   .   a - +0 robe
rPois   .          Reflect  .   (helmet restricted)
rElec   .          Harm     .   (no cloak)
rCorr   .          Rampage  .   (no gloves)
Will    .....                   (boots unavailable)
Stlth   +.........              (no amulet)
HPRegen 0.08/turn               (no ring)
MPRegen 0.11/turn               (no ring)

@: confused, brilliant
A: beak, talons 3
a: no special abilities


You were on level 3 of the Dungeon.
You visited 1 branch of the dungeon, and saw 3 of its levels.

You collected 149 gold pieces.

Inventory:

Hand Weapons
 h - a +0 rapier
Missiles
 f - 7 poisoned darts
 g - 21 sling bullets
Armour
 a - a +0 robe (worn)
Scrolls
 b - 4 scrolls of identify {unknown}
 c - a scroll of teleportation {unknown}
 d - 3 scrolls of enchant armour {unknown}


   Skills:
 + Level 2.9 Dodging
 + Level 2.7 Stealth
 + Level 2.4 Spellcasting
 + Level 2.4 Conjurations
 + Level 4.6 Air Magic


You had 4 spell levels left.
You knew the following spells:

 Your Spells              Type           Power      Damage    Failure   Level
a - Shock                 Conj/Air       84%        1d8       4%          1
b - Static Discharge      Conj/Air       21%        N/A       6%          2

Your spell library contained the following spells:

 Spells                   Type           Power      Damage    Failure   Level
 Swiftness                Air            26%        N/A       9%          3
 Mephitic Cloud           Conj/Pois/Air  15%        N/A       21%         3
 Airstrike                Air            13%        N/A       26%         4
 Ignite Poison            Fire/Tmut/Pois 3%         N/A       50%         3
 Freezing Cloud           Conj/Ice/Air   7%         6-21      88%         5


Dungeon Overview and Level Annotations

Branches:
Dungeon (3/15)

Altars:

Shops:
D:1 =

Annotations:
D:3 Sigmund, Terence


Innate Abilities, Weirdness & Mutations

You have a beak for a mouth.
You have claws for feet.


Message History

There is an open door here.
You open the door.
There is an open door here.
Sigmund the Dreaded comes into view.
He is wielding a +0 scythe of holy wrath and wearing a +2 robe of willpower.
Sigmund shouts!
You hear a shout!
Sigmund casts a spell at you.
You are confused.
Sigmund is nearby!
Unknown command.
It was a potion of brilliance.
You feel clever all of a sudden. Sigmund casts a spell at you.
You are more confused.
You are too confused!
Unknown command.
You bump into the rock wall.
Sigmund casts a spell at you.
You are more confused.
Terence the Incautious comes into view.
He is wielding a +0 mace and wearing a +1 ring mail of willpower.
Terence shouts!
Sigmund mumbles some strange words.
Sigmund flickers and vanishes!
Deactivating autopickup; reactivate with Ctrl-A.
You are too confused!
Unknown command.
You bump into the rock wall.
You bump into the rock wall.
You bump into the rock wall.
You bump into the rock wall.
You're too confused to move!
A magic dart appears from out of thin air!
The magic dart hits you. Terence looks scornfully at you.
A magic dart appears from out of thin air!
The magic dart hits you.
You bump into the rock wall.
Something hits you but does no damage. Terence hits you with a +0 mace.
* * * LOW HITPOINT WARNING * * *
You bump into the rock wall.
Something hits you!
You die...

####### #......
###+## #......
#....# ###......
+.#..### #........
#..#.'.####...#####
#....#.#.....## ##
###'###...#...#
###$.
#.#@##...##.###
#.....##{@.##.####.#
#....####.####.#
#@@....######.##...#
..#...# #.....##.###
#.#.###.###....#
##...........####
##....####.####
...#.####.#


You could see Terence.

Vanquished Creatures
  2 adders
  A worm (D:2)
  2 dart slugs
  An orc (D:3)
  5 ball pythons
  2 endoplasms
  A giant cockroach (D:3)
  5 goblins
  5 hobgoblins
  3 quokkas
  2 bats
  2 frilled lizards
  7 kobolds
  3 rats
41 creatures vanquished.

Vanquished Creatures (others)
  3 plants (D:2)
3 creatures vanquished.

Grand Total: 44 creatures vanquished

Notes
Turn   | Place    | Note
-------+----------+-------------------------------------------
     0 | D:1      | Zonian the Tengu Air Elementalist began the quest for the
                  | Orb.
     0 | D:1      | Reached XP level 1. HP: 10/10 MP: 4/4
   245 | D:1      | Found Cifaumiz's Jewellery Shoppe.
   322 | D:1      | Reached XP level 2. HP: 15/15 MP: 0/6
   381 | D:1      | Learned a level 2 spell: Static Discharge
   506 | D:1      | You fall into a shaft and drop 1 floor!
  1149 | D:1      | Reached XP level 3. HP: 19/19 MP: 3/7
  3432 | D:3      | Reached XP level 4. HP: 23/24 MP: 4/8
  3652 | D:3      | Noticed Sigmund
  3659 | D:3      | Noticed Terence
  3668 | D:3      | Slain by Sigmund

Illustrated notes

Levels and vault maps discovered:
D:1:      dpeg_arrival_rooms_a, layout_basic, serial_shops, nicolae_shop_stone,
          nrook_campfire
D:2:      layout_loops_ring, serial_forest, infiniplex_forest_straight_4,
          infiniplex_forest_clump_small, infiniplex_forest_lined_4_way,
          infiniplex_forest_clump_double, infiniplex_forest_fountain,
          infiniplex_forest_pool
D:3:      layout_rooms, serial_shops, nicolae_shop_behind_doors,
          kennysheep_generic_room_14, uniq_crazy_yiuf_cottage, uniq_sigmund,
          uniq_terence

Skill      XL: |  1  2 |
---------------+-------+-----
Conjurations   | 2 |  2.4
Dodging        | |  2.9
Stealth        | |  2.7
Spellcasting   | |  2.4
Air Magic      | |  4.6

Action                   |  1- 3 |  4- 6 || total
-------------------------+-------+-------++-------
Melee: Unarmed           |    22 |     1 ||    23
       Kick              |     7 |     1 ||     8
       Peck              |     5 |       ||     5
 Cast: Shock             |    77 |       ||    77
       Static Discharge  |     1 |     1 ||     2
  Use: Scroll            |     1 |       ||     1
       Potion            |       |     1 ||     1
Armor: Robe              |     4 |     1 ||     5
Dodge: Dodged            |    29 |       ||    29

Table legend: (Time is in decaauts)
 A = Elapsed time spent in this place.
 B = Non-inter-level travel time spent in this place.
 C = Inter-level travel time spent in this place.
 D = Time resting spent in this place.
 E = Time spent auto-exploring this place.
 F = Levels seen in this place.
 G = Mean time per level.
                   A        B        C        D        E       F      G
               +--------+--------+--------+--------+--------+-----+--------+
         Total |   3670 |   3646 |     24 |   1518 |   1739 |   3 | 1223.3 |
       Dungeon |   3670 |   3646 |     24 |   1518 |   1739 |   3 | 1223.3 |
               +--------+--------+--------+--------+--------+-----+--------+

Top non-repeatable levels by time:
     D:2: 1736 daAuts
     D:1: 1476 daAuts
     D:3: 457 daAuts
